 Dungeon Crawl Stone Soup version 0.30-a0-800-g7c544603b3 (webtiles) character file.

Game seed: 1547029608691982663

448 cforsyth the Sneak (level 7, 0/66 HPs)
             Began as a Kobold Brigand on Feb 21, 2023.
             Succumbed to a scorpion's poison
             ... on level 4 of the Dungeon on Feb 22, 2023.
             The game lasted 00:05:04 (3966 turns).

cforsyth the Sneak (Kobold Brigand)                 Turns: 3966, Time: 00:05:05

Health: 0/66       AC:  4    Str:  8    XL:     7   Next: 24%
Magic:  7/7        EV: 17    Int: 12    God:
Gold:   165        SH:  0    Dex: 19    Spells: 6/6 levels left

rFire   . . .      SeeInvis .    a - +2 dagger
rCold   . . .      Faith    .    (no shield)
rNeg    . . .      Spirit   .    b - +0 robe
rPois   .          Reflect  .    (no helmet)
rElec   .          Harm     .    c - +0 cloak
rCorr   .          Rampage  .    (no gloves)
Will    .....                    i - +0 pair of boots Stlth
                                 (no amulet)
HPRegen 0.31/turn                g - ring of wizardry
MPRegen 0.10/turn                (no ring)

@: berserking, lethally poisoned (0 -> -9), very quick
A: small, no large weapons, nightstalker 3
a: no special abilities


You were on level 4 of the Dungeon.
You visited 1 branch of the dungeon, and saw 4 of its levels.

You collected 165 gold pieces.

Inventory:

Hand Weapons
 a - a +2 dagger (weapon)
Missiles
 d - 13 poisoned darts (quivered)
 e - 4 curare-tipped darts
Armour
 b - a +0 robe (worn)
 c - a +0 cloak (worn)
 i - a +0 pair of boots (worn)
Jewellery
 g - a ring of wizardry (left hand)
 m - a ring of willpower
 n - a +4 ring of protection
Scrolls
 k - a scroll of teleportation
 l - a scroll of fog
 o - a scroll of blinking
 p - a scroll of noise {unknown}
 q - a scroll of brand weapon {unknown}
 t - a scroll of amnesia {unknown}
Potions
 h - a potion of resistance
 j - 2 potions of mutation
 r - a potion of curing {unknown}
 s - a potion of heal wounds {unknown}
 u - 2 potions of flight
 v - a potion of lignification {unknown}


   Skills:
 + Level 4.3 Fighting
 + Level 5.2 Short Blades
 - Level 2.1 Throwing
 + Level 4.3 Dodging
 + Level 7.3 Stealth


You had 6 spell levels left.
You didn't know any spells.
Your spell library contained the following spells:

 Spells                   Type           Power      Damage    Failure   Level
 Magic Dart               Conj           0%         1d3       13%         1
 Sting                    Tmut/Pois      0%         1d3       13%         1
 Call Imp                 Summ           0%         N/A       21%         2
 Poisonous Vapours        Pois/Air       0%         N/A       21%         2
 Scorch                   Fire           0%         2d5       21%         2
 Mephitic Cloud           Conj/Pois/Air  0%         N/A       36%         3
 Flame Wave               Conj/Fire      0%         2d4       75%         4
 Olgreb's Toxic Radiance  Pois           0%         N/A       75%         4
 Summon Cactus Giant      Summ           0%         N/A       100%        6


Dungeon Overview and Level Annotations

Branches:
Dungeon (4/15)
 Temple: D:4-7

Altars:

Shops:
D:1 !


Innate Abilities, Weirdness & Mutations

You are small and have problems with some larger weapons.
You are completely attuned to the shadows.


Message History

You feel sick. The scorpion stings you.
You hit the scorpion.
The scorpion is severely wounded.
You feel sick. The scorpion misses you.
You barely miss the scorpion.
The scorpion is severely wounded.
You feel sick. The scorpion closely misses you.
You barely miss the scorpion.
The scorpion is severely wounded.
The scorpion stings you but does no damage.
The necrophage hits you.
* * * LOW HITPOINT WARNING * * *
You hit the scorpion but do no damage.
The scorpion is severely wounded.
You feel sick. The scorpion barely misses you.
A red film seems to cover your vision as you go berserk!
You feel yourself moving faster!
You feel mighty!
You feel sick. The necrophage hits you.
* * * LOW HITPOINT WARNING * * *
The scorpion stings you.
* * * LOW HITPOINT WARNING * * *
You are lethally poisoned!
The scorpion poisons you!
You barely miss the scorpion.
The scorpion is severely wounded.
* * * LOW HITPOINT WARNING * * *
You feel sick. The necrophage completely misses you. The scorpion misses you.
You hit the scorpion.
The scorpion is almost dead.
* * * LOW HITPOINT WARNING * * *
You feel sick.
You are too berserk!
You puncture the scorpion!
You kill the scorpion!
* * * LOW HITPOINT WARNING * * *
You feel sick.
The necrophage hits you but does no damage.
You hit the necrophage.
The necrophage is moderately damaged.
You die...

##
.######################
.#..........)..........
...###############.....
.>## ####.#### ..#
#........ ..# #.n......
..### #.@...... .....
#........ .....
#....... ..... #......
..... ####### ......
......# ......#
......##


You could see a necrophage.

Vanquished Creatures
  A black bear (D:3)
  A kobold brigand (D:3)
  A scorpion (D:4)
  Jessica (D:3)
  6 adders (D:3)
  7 gnolls (D:3)
  A dart slug (D:3)
  5 orcs (D:3)
  4 ball pythons
  5 bats
  5 endoplasms
  4 giant cockroaches
  6 hobgoblins
  5 jackals (D:2)
  13 kobolds
  3 quokkas
  5 frilled lizards
  9 goblins
  12 rats
94 creatures vanquished.

Vanquished Creatures (others)
  10 plants (D:1)
10 creatures vanquished.

Grand Total: 104 creatures vanquished

Notes
Turn   | Place    | Note
-------+----------+-------------------------------------------
     0 | D:1      | cforsyth the Kobold Brigand began the quest for the Orb.
     0 | D:1      | Reached XP level 1. HP: 12/12 MP: 1/1
   132 | D:1      | Reached XP level 2. HP: 12/18 MP: 2/2
   317 | D:1      | Reached XP level 3. HP: 22/22 MP: 3/3
   553 | D:1      | Found Nehate's Distillery.
  1343 | D:2      | Reached XP level 4. HP: 27/27 MP: 4/4
  1782 | D:2      | Reached skill level 6 in Stealth
  2106 | D:3      | Noticed a kobold brigand
  2118 | D:3      | Killed a kobold brigand
  2119 | D:3      | Reached XP level 5. HP: 26/32 MP: 5/5
  2258 | D:3      | Noticed a black bear
  2282 | D:3      | Killed a black bear
  2283 | D:3      | Reached XP level 6. HP: 24/38 MP: 6/6
  2321 | D:3      | Noticed Jessica
  2892 | D:3      | Killed Jessica
  2893 | D:3      | Reached skill level 7 in Stealth
  2914 | D:3      | Reached skill level 5 in Short Blades
  2917 | D:3      | Reached XP level 7. HP: 43/43 MP: 7/7
  3963 | D:4      | HP: 2/64 [poisoned by a scorpion]
  3966 | D:4      | Succumbed to a scorpion's poison

Illustrated notes

Levels and vault maps discovered:
D:1:      minmay_arrival_up_and_down, layout_basic, serial_shops,
          nicolae_shop_waterfront, lexackson_kobold_supper
D:2:      layout_basic
D:3:      layout_basic, nicolae_half_adder, uniq_jessica
D:4:      layout_basic, minmay_misc_feat_more_columns

Skill      XL: |  1  2  3  4  5  6 |
---------------+-------------------+-----
Short Blades   | 3 4 5 |  5.2
Dodging        | 2 3 4 |  4.3
Stealth        | 6 7 |  7.3
Fighting       | 3 4 |  4.3
Throwing       | |  2.1

Action                     |  1- 3 |  4- 6 |  7- 9 || total
---------------------------+-------+-------+-------++-------
  Melee: Dagger            |    87 |   148 |    51 ||   286
         Punch             |       |     1 |     1 ||     2
  Throw: Dart              |       |    10 |       ||    10
    Use: Scroll            |       |     4 |     3 ||     7
         Potion            |       |       |     1 ||     1
   Stab: Sleeping          |    19 |    21 |     4 ||    44
 Armour: Robe              |    10 |    29 |     4 ||    43
  Dodge: Dodged            |    46 |    87 |    24 ||   157

Table legend: (Time is in decaauts)
 A = Elapsed time spent in this place.
 B = Non-inter-level travel time spent in this place.
 C = Inter-level travel time spent in this place.
 D = Time resting spent in this place.
 E = Time spent auto-exploring this place.
 F = Levels seen in this place.
 G = Mean time per level.
                   A        B        C        D        E       F      G
               +--------+--------+--------+--------+--------+-----+--------+
         Total |   3909 |   3677 |    232 |     60 |   2985 |   4 |  977.2 |
       Dungeon |   3909 |   3677 |    232 |     60 |   2985 |   4 |  977.2 |
               +--------+--------+--------+--------+--------+-----+--------+

Top non-repeatable levels by time:
     D:3: 1687 daAuts
     D:1: 1222 daAuts
     D:2: 912 daAuts
     D:4: 87 daAuts
